[Event "Esbjerg Efterår 2024 - Esbjergmesterskabet"]
[Site "Esbjerg, Denmark"]
[Date "2024.10.18"]
[Round "1.1"]
[White "Jacobsen, Mikkel Mansori"]
[Black "Iversen, Tobias"]
[Result "1-0"]
[TimeControl "1.-3. 20 min + 5 sek, 4.-7. 90 min + 30 sek + 15 min efter 40 træk"]
[WhiteElo "2350"]
[BlackElo "1936"]

1. c4 c6 2. g3 d5 3. Nf3 Nf6 4. Bg2 h6 5. O-O Bf5 6. Qb3 Qb6 7. d3 e6 8. Be3 Qxb3 9. axb3 a6 10.
Bd4 Nbd7 11. Bc3 Be7 12. Nbd2 O-O 13. b4 Bg6 14. Rfd1 Rfd8 15. h3 c5 16. bxc5 Bxc5 17. b4 Bd6 18.
Rdb1 b6 19. Ra2 e5 20. Nh4 Bh7 21. Bxd5 Nxd5 22. cxd5 Rdc8 23. Ba1 b5 24. g4 Nb6 25. e4 Na4 26. Kf1 Rc7 27. Ke2 Rac8 28.
Kd1 f6 29. Ng2 Kf7 30. Ne3 Bg6 31. Rxa4 bxa4 32. Ndc4 Bf8 33. Bc3 Rb8 34. f3 Rcb7 1-0

[Event "Esbjerg Efterår 2024 - Esbjergmesterskabet"]
[Site "Esbjerg, Denmark"]
[Date "2024.10.18"]
[Round "1.2"]
[White "LIndgaard, Tobias Simon"]
[Black "Medhus, Vitus Bondo"]
[Result "0-1"]
[TimeControl "1.-3. 20 min + 5 sek, 4.-7. 90 min + 30 sek + 15 min efter 40 træk"]
[WhiteElo "1879"]
[BlackElo "2246"]

1. c4 c5 2. g3 Nc6 3. Bg2 d6 4. Nc3 e5 5. e3 Be7 6. Nge2 Be6 7. b3 Nf6 8. d4 exd4 9. exd4 d5 10.
dxc5 dxc4 11. O-O O-O 12. Nf4 cxb3 13. Nxe6 Qxd1 14. Rxd1 fxe6 15. axb3 Bxc5 16. Ba3 Bxa3 17. Rxa3 Ng4 18.
Ne4 Rad8 19. Raa1 Nd4 20. h3 Ne2+ 21. Kf1 Nxg3+ 22. Nxg3 Rxf2+ 23. Kg1 Rxg2+ 24. Kxg2 Ne3+ 25. Kf3 Nxd1 26.
Rxa7 Rd3+ 0-1

[Event "Esbjerg Efterår 2024 - Esbjergmesterskabet"]
[Site "Esbjerg, Denmark"]
[Date "2024.10.18"]
[Round "1.3"]
[White "Løftgaard, Mikkel Vinh"]
[Black "Desevac, Damir"]
[Result "1-0"]
[TimeControl "1.-3. 20 min + 5 sek, 4.-7. 90 min + 30 sek + 15 min efter 40 træk"]
[WhiteElo "2209"]
[BlackElo "1836"]

1. Nc3 e5 2. d4 exd4 3. Qxd4 Nc6 4. Qd3 Nf6 5. e4 d6 6. Bg5 Be7 7. O-O-O O-O 8. f3 a6 9. h4 Be6 10.
h5 h6 11. Be3 b5 12. g4 Ne5 13. Qd2 c5 14. Nd5 Bxd5 15. exd5 b4 16. g5 hxg5 17. Bxg5 Qa5 18. Kb1 c4 19.
f4 Ne4 20. Qe3 Nxg5 21. fxe5 Rac8 22. h6 g6 23. Nh3 Nh7 24. Nf4 dxe5 25. Bh3 Rcd8 26. Qxe5 Bf6 27. Qe4 Bxb2 28. Nxg6 Nf6 29.
Qg2 Nxd5 30. Ne5+ 1-0

[Event "Esbjerg Efterår 2024 - Esbjergmesterskabet"]
[Site "Esbjerg, Denmark"]
[Date "2024.10.18"]
[Round "1.4"]
[White "Madsen, Svend"]
[Black "Hansen, Lars"]
[Result "0-1"]
[TimeControl "1.-3. 20 min + 5 sek, 4.-7. 90 min + 30 sek + 15 min efter 40 træk"]
[WhiteElo "1832"]
[BlackElo "2203"]

1. e4 e6 2. d4 d5 3. Nd2 Nf6 4. e5 Nfd7 5. Bd3 c5 6. c3 Nc6 7. Ne2 cxd4 8. cxd4 f6 9. exf6 Nxf6 10. O-O Bd6 11. Nf3 Qc7 12. h3 O-O 13. a3 Bd7 14. Bd2 Be8 15. Rc1 Bh5 16. g4 Nxg4 17. hxg4 Bxg4 18.
Ng5 h6 19. f3 Bf5 20. Bxf5 Rxf5 21. Nxe6 Qf7 22. Nc5 Rf8 23. Rc3 Qg6+ 24. Kf2 Qf6 25. Nd7 Rxf3+ 26. Rxf3 Qxf3+ 27. Kg1 Qg4+ 0-1

[Event "Esbjerg Efterår 2024 - Esbjergmesterskabet"]
[Site "Esbjerg, Denmark"]
[Date "2024.10.18"]
[Round "1.5"]
[White "Perets, Dmytro"]
[Black "Marcussen, Claus"]
[Result "1-0"]
[TimeControl "1.-3. 20 min + 5 sek, 4.-7. 90 min + 30 sek + 15 min efter 40 træk"]
[WhiteElo "2152"]
[BlackElo "1820"]

1. e4 d5 2. d3 dxe4 3. dxe4 Qxd1+ 4. Kxd1 Nc6 5. Be3 e5 6. Bc4 Nf6 7. f3 Bd6 8. c3 O-O 9. Nd2 Na5 10.
Bd3 b6 11. b4 Nb7 12. Nc4 Be6 13. Ne2 Rad8 14. Kc2 Be7 15. Nxe5 c5 16. Nc6 Rd7 17. Nxe7+ Rxe7 18. bxc5 bxc5 19.
Nf4 Bd7 20. Ba6 Ba4+ 21. Kd2 Nd6 22. Ke2 Rb8 23. Rab1 Ree8 24. Rxb8 Rxb8 25. Bxc5 Rb2+ 26. Ke3 Nfe8 27. Bxa7 Rxa2 28. Be2 Bb3 29. Rb1 Nc4+ 30. Bxc4 Bxc4 31.
Rb8 Kf8 32. Bc5+ 1-0

[Event "Esbjerg Efterår 2024 - Esbjergmesterskabet"]
[Site "Esbjerg, Denmark"]
[Date "2024.10.18"]
[Round "1.6"]
[White "Hansen, Joshua Kehlet"]
[Black "Saravana, Vedant Kumar"]
[Result "1-0"]
[TimeControl "1.-3. 20 min + 5 sek, 4.-7. 90 min + 30 sek + 15 min efter 40 træk"]
[WhiteElo "1819"]
[BlackElo "2115"]

1. Nf3 d5 2. e3 Nf6 3. c4 e6 4. d4 c6 5. Nc3 Nbd7 6. b3 Bb4 7. Bb2 Ne4 8. Qc2 Qa5 9. Rc1 Qxa2 10.
Nd2 Bxc3 11. Bxc3 Qxc2 12. Rxc2 Nxc3 13. Rxc3 Nf6 14. f3 O-O 15. c5 Re8 16. b4 e5 17. dxe5 Rxe5 18. Kf2 Bd7 19.
Nb3 b6 20. Nd4 Rb8 21. Ra3 bxc5 22. bxc5 Rb7 23. Ba6 Rc7 24. Rha1 Re8 25. Bd3 Ra8 26. Ra6 g6 27. Bc2 Ne8 28.
Ba4 Rac8 29. Bc2 Ra8 30. Ba4 Rac8 31. Bc2 Rb7 32. Rxa7 Rcc7 33. R7a6 Rb2 34. R1a2 Rbb7 35. Ba4 Bc8 36.
Bxc6 Rb8 37. Ra8 Rxa8 38. Rxa8 Nf6 39. Kg3 Kg7 40. Kf4 Be6 41. Nxe6+ fxe6 42. Ra6 1-0

[Event "Esbjerg Efterår 2024 - Esbjergmesterskabet"]
[Site "Esbjerg, Denmark"]
[Date "2024.10.18"]
[Round "1.7"]
[White "Justesen, Asger"]
[Black "Herskin, Kalle S."]
[Result "1-0"]
[TimeControl "1.-3. 20 min + 5 sek, 4.-7. 90 min + 30 sek + 15 min efter 40 træk"]
[WhiteElo "2086"]
[BlackElo "1814"]

1. d4 d5 2. c4 c6 3. Nf3 Nf6 4. e3 e6 5. b3 Nbd7 6. Bd3 dxc4 7. bxc4 Qc7 8. O-O c5 9. Nc3 b6 10.
d5 exd5 11. cxd5 Bb7 12. e4 Ne5 13. Bf4 Nxf3+ 14. Qxf3 Qc8 15. e5 Nxd5 16. Nxd5 Qd7 17. Be4 O-O-O 18. Rfd1 Qa4 19. Nxb6+ axb6 20.
Bxb7+ Kc7 21. Rxd8 Kxd8 22. Rd1+ 1-0

[Event "Esbjerg Efterår 2024 - Esbjergmesterskabet"]
[Site "Esbjerg, Denmark"]
[Date "2024.10.18"]
[Round "1.8"]
[White "Hansen, Simon"]
[Black "Rossen, Claus"]
[Result "0-1"]
[TimeControl "1.-3. 20 min + 5 sek, 4.-7. 90 min + 30 sek + 15 min efter 40 træk"]
[WhiteElo "1803"]
[BlackElo "2072"]

1. d4 Nf6 2. c4 g6 3. Nc3 d5 4. cxd5 Nxd5 5. e4 Nxc3 6. bxc3 Bg7 7. Bc4 c5 8. Be3 O-O 9. Ne2 Nc6 10.
O-O Bd7 11. Rc1 a6 12. dxc5 Na5 13. Bb3 Qc7 14. Qc2 Rfd8 15. f4 Bb5 16. c4 Bc6 17. e5 f6 18. Nd4 Qc8 19. Nxc6 Nxc6 20.
exf6 Bxf6 21. Rcd1 Qe6 22. Qf2 Kg7 23. Kh1 Nb4 24. h3 a5 25. f5 Qxf5 26. Qxf5 gxf5 27. Rxd8 Rxd8 28. Rxf5 Rd3 29.
Bg5 Kg6 30. Bxf6 Kxf5 31. Bxe7 Re3 32. Bd6 Re2 33. Kg1 Nd3 34. Bc7 Nxc5 35. Bxa5 Ke4 36. Bc3 Kd3 37. Bf6 Ne4 38. Bd8 Nc5 39.
Kf1 Nxb3 40. axb3 Rb2 41. c5 Rxb3 42. Be7 Ke3 43. h4 Rb1# 0-1